 Dungeon Crawl Stone Soup version 0.25-a0-290-g4a1327ee3a (webtiles) character file.

Game seed: 5278714022244507404, levelgen mode: deterministic

117791 Fistandantilus the Severer (level 16, -9/150 HPs)
             Began as a Minotaur Berserker on Dec 13, 2019.
             Was an Elder of Trog.
             Mangled by a merfolk impaler
             ... wielding a +0 trident
              (18 damage)
             ... on level 2 of the Shoals.
             The game lasted 01:01:36 (23846 turns).

Fistandantilus the Severer (Minotaur Berserker)    Turns: 23846, Time: 01:01:36

Health: -9/150     AC: 28    Str: 34    XL:     16   Next: 24%
Magic:  15/15      EV: 25    Int:  4    God:    Trog [****..]
Gold:   2938       SH:  0    Dex: 19    Spells: 15/15 levels left

rFire    . . .     SeeInvis .   a - +6 broad axe (vamp)
rCold    + . .     Gourm    .   k - +0 shield
rNeg     + + .     Faith    .   A - +7 chain mail of the Dragon {rN+}
rPois    .         Spirit   .   (helmet restricted)
rElec    .         Reflect  +   m - +0 cloak {rC+}
rCorr    .         Harm     .   s - +2 pair of gloves
MR       ++++.     Rnd*Rage +   D - +1 pair of boots
Stlth    ..........             l - +3 amulet of reflection
HPRegen  1.35/turn              N - ring of positive energy
MPRegen  0.14/turn              M - ring of protection from magic

@: confused, mighty, agile, engulfed (cannot breathe), mesmerised, regenerating
A: retaliatory headbutt, horns 2, agile 1, berserk 1, strong 1
a: Berserk, Trog's Hand, Brothers in Arms, Renounce Religion


You were on level 2 of the Shoals.
You worshipped Trog.
Trog was greatly pleased with you.
You were hungry.

You visited 5 branches of the dungeon, and saw 26 of its levels.
You also visited: Ice Cave.

You collected 3676 gold pieces.
You spent 738 gold pieces at shops.


Innate Abilities, Weirdness & Mutations

You reflexively headbutt those who attack you in melee.
You have a pair of horns on your head.
You are agile. (Dex +2)
You tend to lose your temper in combat.
Your muscles are strong. (Str +2)


   Skills:
 + Level 15.7 Fighting
 + Level 15.7 Axes
 + Level 1.5 Throwing
 + Level 15.4 Armour
 + Level 14.4 Dodging
 - Level 15.0 Shields


You had 15 spell levels left.
You didn't know any spells.
Your spell library was empty.

Inventory:

Hand Weapons
 a - a +6 vampiric broad axe (weapon)
 b - a +3 demon trident of electrocution
 q - the +1 spear "Durrus" {pierce, rPois rC++}
   (You found it on level 14 of the Dungeon)

   It inflicts extra damage upon your enemies.
   It greatly protects you from cold.
   It protects you from poison.
 w - the +9 war axe of the Madman {holy, rElec Stlth+}
   (You bought it in a shop on level 2 of the Orcish Mines)

   It has been blessed by the Shining One to cause great damage to the undead
   and demons.
   It insulates you from electricity.
   It makes you more stealthy.
Missiles
 i - 13 silver javelins (quivered)
 u - 5 throwing nets {=f}
Armour
 k - a +0 shield (worn)
 m - a +0 cloak of cold resistance (worn)
 s - a +2 pair of gloves (worn)
 A - the +7 chain mail of the Dragon (worn) {rN+}
   (You took it off an orc warrior on level 6 of the Dungeon)

   It protects you from negative energy.
 D - a +1 pair of boots (worn)
Jewellery
 l - a +3 amulet of reflection (around neck)
 v - an uncursed ring of protection from cold {unknown}
 M - a ring of protection from magic (right hand)
 N - a ring of positive energy (left hand)
Wands
 e - a wand of clouds (5)
 x - a wand of random effects (12)
 y - a wand of iceblast (25)
 C - a wand of digging (23)
 L - a wand of flame (19)
Scrolls
 d - 7 scrolls of enchant armour
 h - 9 scrolls of remove curse {@r2}
 n - 19 scrolls of teleportation {@r4}
 r - a scroll of summoning
 H - 2 scrolls of fog
 K - 2 scrolls of blinking
Potions
 f - 13 potions of curing {@q1}
 g - 2 potions of cancellation
 o - a potion of brilliance {unknown}
 p - 3 potions of heal wounds {unknown}
 z - 2 potions of ambrosia
 B - 5 potions of flight
 E - 2 potions of lignification {!q}
 F - 3 potions of might
 G - 4 potions of haste {unknown}
 I - a potion of magic {unknown}
Miscellaneous
 J - a phial of floods
Comestibles
 c - 32 rations {@e1}
 t - 3 chunks of flesh {@w0}

Dungeon Overview and Level Annotations

Branches:
Dungeon (15/15)            Temple (1/1) D:6            Lair (6/6) D:10
 Shoals (2/4) Lair:4       Spider (0/4) Lair:2        Slime (0/5) Lair:5
    Orc (2/2) D:12            Elf (0/3) Orc:2        Vaults (0/5) D:13
 Depths (0/5) D:15          IceCv (visited)

Altars:
Ashenzari
Cheibriados
Dithmenos
Elyvilon
Fedhas
Gozag
Hepliaklqana
Kikubaaqudgha
Makhleb
Nemelex Xobeh
Okawaru
Qazlal
Ru
Sif Muna
Trog
Uskayaw
Vehumet
Wu Jian
Xom
Yredelemnul
Zin
The Shining One
Beogh

Shops:
D:5 *!   D:8 *   D:12 }   Orc:2 :*[(   Shoals:1 :

Annotations:
Lair:5 exclusion: 3 oklob plants
Shoals:2 Ilsuiw

≈≈≈≈≈..≈≈..≈.....≈≈≈≈≈≈≈≈≈≈≈#
≈≈≈≈≈...≈.≈≈....≈≈....≈≈≈≈≈≈#
≈≈≈≈.≈≈≈≈....≈≈≈≈≈.....≈≈≈≈≈#
≈≈≈≈≈≈≈≈≈.....≈≈≈≈..).≈≈≈≈≈≈#
≈≈≈≈≈.≈....≈≈≈≈≈≈...#..≈≈≈≈≈#
≈≈≈...≈..#..≈.≈≈≈≈≈.#..≈≈≈≈≈#
≈≈≈≈.≈≈≈......≈≈≈≈≈....≈≈≈≈≈#
....≈≈./h≈≈...≈≈≈≈≈#
.>.≈≈≈.@{≈≈≈≈≈≈≈≈≈≈#
≈..≈≈≈EtEmm≈≈≈≈≈≈≈≈#
≈≈≈≈≈≈≈m.m≈≈..≈≈≈≈≈#
≈≈...≈...≈≈≈..≈≈≈≈≈#
.....≈.##.≈≈≈≈≈≈≈≈≈# .≈.≈≈.#
..≈≈≈≈≈≈≈≈≈ ≈≈≈.≈. .....≈ ≈≈
≈≈≈≈≈. .....≈ ≈≈≈≈≈≈≈≈


You could see an alligator snapping turtle, a merfolk impaler, 2 water
elementals, 3 merfolk sirens and a friendly polar bear (berserk).


Message History

Your lungs strain for air!
Something hits you but does no damage.
Your polar bear closely misses something.
Your polar bear claws something.
Your polar bear closely misses something.
The merfolk siren chants its luring song.
The merfolk siren chants a haunting song.
You resist with almost no effort. The water elemental hits you.
* * * LOW HITPOINT WARNING * * *
The merfolk impaler misses you.
The merfolk siren chants its luring song.
The water elemental completely misses you.
You take 5 damage, and have 11/150 hp.
* * * LOW HITPOINT WARNING * * *
Your lungs strain for air!
Your polar bear misses something.
Your polar bear claws something but does no damage.
Your polar bear closely misses something.
Something hits you but does no damage.
The merfolk impaler hits you but does no damage.
The alligator snapping turtle barely misses you.
The merfolk siren completely misses you.
The water elemental completely misses you.
The merfolk siren chants its luring song.
Your polar bear completely misses something.
Your polar bear misses something.
Your polar bear barely misses something.
The merfolk siren chants its luring song.
The merfolk impaler hits you from afar with a +0 trident!!
You die...

Skill      XL: |  1  2  3  4  5  6  7  8  9 10 11 12 13 14 15 16 |
---------------+-------------------------------------------------+-----
Axes           | 4 5 6 7 8 10 11 12 13 14 15 | 15.7
Fighting       | 4 5 6 7 8 9 11 12 13 14 15 | 15.7
Armour         | 3 5 6 8 9 10 12 13 14 15 | 15.4
Dodging        | 3 4 5 6 7 8 10 11 12 13 14 | 14.4
Shields        | 3 5 7 8 10 11 12 13 14 15 | 15.0
Throwing       | 1 |  1.5

Action                   |  1- 3 |  4- 6 |  7- 9 | 10-12 | 13-15 | 16-18 || total
-------------------------+-------+-------+-------+-------+-------+-------++-------
Melee: Hand axe          |    62 |    68 |    25 |       |       |       ||   155
       Headbutt          |    12 |    12 |    45 |   121 |   347 |    43 ||   580
       Dire flail        |       |       |   104 |       |       |       ||   104
       Mace              |       |       |   112 |    21 |       |       ||   133
       Broad axe         |       |       |       |   529 |  1116 |   140 ||  1785
       Falchion          |       |       |       |     8 |     7 |       ||    15
       Scimitar          |       |       |       |    27 |       |       ||    27
       Demon trident     |       |       |       |    10 |     9 |       ||    19
       War axe           |       |       |       |       |    21 |       ||    21
       Demon whip        |       |       |       |       |    74 |       ||    74
Invok: Berserk           |     1 |     3 |     3 |     4 |     2 |       ||    13
       Trog's Hand       |       |       |     3 |     5 |     6 |     2 ||    16
       Brothers in Arms  |       |       |       |       |     5 |     1 ||     6
Evoke: Wand              |       |       |     1 |     9 |    16 |     5 ||    31
       Box of beasts     |       |       |       |       |     1 |       ||     1
       Phial of floods   |       |       |       |       |     1 |       ||     1
  Use: Scroll            |     6 |     4 |     5 |    15 |     9 |       ||    39
       Potion            |       |     2 |     1 |       |     6 |     3 ||    12
 Stab: Paralysed         |       |       |       |     6 |       |       ||     6
       Invisible         |       |       |       |       |     8 |       ||     8
  Eat: Chunk             |     1 |     8 |    10 |    26 |    24 |     5 ||    74
       Ration            |       |       |     1 |     1 |     5 |       ||     7
Armor: Animal skin       |    24 |     3 |       |       |       |       ||    27
       Ring mail         |       |    21 |     1 |       |       |       ||    22
       Plate armour      |       |       |    77 |       |       |       ||    77
       Chain mail        |       |       |    33 |   248 |   398 |    53 ||   732
Dodge: Dodged            |    41 |    43 |    93 |   172 |   543 |    99 ||   991
Block: Other             |       |     2 |    18 |       |       |       ||    20
       Large shield      |       |       |   112 |   696 |   114 |       ||   922
       Reflection        |       |       |     6 |    19 |    61 |    15 ||   101
       Shield            |       |       |       |       |   884 |   126 ||  1010
       Buckler           |       |       |       |       |     3 |       ||     3
       Rpst.: Falchion   |       |       |       |       |     1 |       ||     1

Levels and vault maps discovered:
D:1:      nagdon_arrival_zigzag_paths, layout_basic
D:2:      layout_loops_ring, uniq_natasha
D:3:      layout_basic, zin_treasury
D:4:      layout_loops_ring, uniq_edmund, uniq_crazy_yiuf_cottage, uniq_pikel
D:5:      layout_cave_pools, first_ration, serial_shops, nicolae_shop_crystal,
          minmay_shop_mass
D:6:      layout_basic, minmay_temple_entry_grid, biasface_ghost_orc_armoury,
          serial_glass, glass_columns_c, glass_columns_b, feat_on_display,
          due_unseen_surprise, minmay_strange_pillars, minmay_checkerbox
D:7:      layout_basic, uniq_duvessa
D:8:      layout_basic, serial_shops, nicolae_shop_overgrown_old_shop,
          uniq_erica, uniq_prince_ribbit1
D:9:      minmay_evil_eye, layout_irregular_city, uniq_grum
D:10:     layout_roguey, lair_entry_dummy, grunt_pizzeria, serial_bayou_ford_a,
          uniq_nergalle
D:11:     layout_cave_pools, kennysheep_generic_room_13
D:12:     layout_roguey, zombieorc1_lemuel, portal_ice_cave_rime, serial_shops,
          shop, uniq_psyche
D:13:     layout_big_octagon, erik_vaults_1, hangedman_glass_teeth,
          fountainhead, chequers_jeans, lemuel_flame_loot_1
D:14:     layout_basic, minmay_strange_pillars, bh_chokoban, kennysheep_doodads,
          minivault_27, nrook_guardian_serpent_double
D:15:     gammafunk_enter_depths_forms, layout_long_grid,
          kennysheep_pointless_box, basic_altar
Temple:   kilobyte_greek_temple
Lair:1:   layout_hall_layers, infiniplex_staircase_pool, grunt_megastairs_1,
          uniq_harold, uniq_sonja
Lair:2:   layout_regular_city, spider_nest_entry_funnel_web,
          serial_bayou_shore_b
Lair:3:   layout_small_grid, minivault_24, lemuel_oklob_altar, uniq_urug,
          uniq_fannar
Lair:4:   layout_gridlike, elwin_shoals_entry_rocks,
          nicolae_quartered_pool_medium, serial_bayou_shore_b
Lair:5:   layout_small_grid, minmay_slime_entry_oklob_enclosed,
          serial_bayou_shore_a, grunt_megastairs_3
Lair:6:   hangedman_lair_in_review, layout_cave_shapes, minmay_another_anthill
Shoals:1: layout_shoals, serial_shops, shop, st_sunken_huts
Shoals:2: layout_shoals, uniq_ilsuiw
Orc:1:    minmay_goldmine, layout_caves, basic_altar
Orc:2:    st_orc_congregation, layout_caves, nicolae_orc_lost_temple

Notes
Turn   | Place    | Note
-------+----------+-------------------------------------------
     0 | D:1      | Fistandantilus the Minotaur Berserker began the quest for
                  | the Orb.
     0 | D:1      | Reached XP level 1. HP: 19/19 MP: 0/0
   319 | D:1      | Reached XP level 2. HP: 16/27 MP: 1/1
   672 | D:1      | Reached skill level 4 in Axes
   696 | D:1      | Reached skill level 4 in Fighting
   993 | D:2      | Reached XP level 3. HP: 29/33 MP: 2/2
  1064 | D:2      | Reached skill level 3 in Armour
  1227 | D:2      | Reached skill level 3 in Dodging
  1228 | D:2      | Reached XP level 4. HP: 21/40 MP: 3/3
  1331 | D:2      | Noticed Natasha
  1337 | D:2      | Killed Natasha
  1433 | D:2      | Noticed Natasha
  1441 | D:2      | Killed Natasha
  1441 | D:2      | Reached XP level 5. HP: 25/47 MP: 4/4
  1614 | D:2      | Noticed Natasha
  1622 | D:2      | Killed Natasha
  1640 | D:2      | Reached ** piety under Trog
  2313 | D:3      | Found a glowing silver altar of Zin.
  2512 | D:4      | Reached skill level 4 in Armour
  2515 | D:4      | Reached skill level 5 in Axes
  2709 | D:4      | Reached skill level 5 in Fighting
  2709 | D:4      | Reached skill level 1 in Shields
  2811 | D:4      | Noticed a slave
  2811 | D:4      | Noticed a slave
  2832 | D:4      | Killed a slave
  2839 | D:4      | Killed a slave
  2867 | D:4      | Noticed a slave
  2868 | D:4      | Noticed Pikel
  2872 | D:4      | Noticed a slave
  2874 | D:4      | Killed a slave
  2880 | D:4      | Killed Pikel
  2880 | D:4      | Reached skill level 5 in Armour
  2880 | D:4      | Reached skill level 4 in Dodging
  2880 | D:4      | Reached skill level 3 in Shields
  2880 | D:4      | Reached XP level 6. HP: 57/57 MP: 5/5
  2880 | D:4      | Reached XP level 7. HP: 62/62 MP: 6/6
  2883 | D:4      | Noticed Edmund
  2895 | D:4      | Killed Edmund
  2895 | D:4      | Reached skill level 6 in Fighting
  2895 | D:4      | Reached skill level 6 in Axes
  2990 | D:4      | Reached skill level 5 in Dodging
  3206 | D:4      | Found a runed translucent door.
  3207 | D:4      | Noticed Crazy Yiuf
  3276 | D:4      | Killed Crazy Yiuf
  3276 | D:4      | Reached XP level 8. HP: 58/70 MP: 7/7
  3436 | D:5      | Entered Level 5 of the Dungeon
  3450 | D:5      | Found Foluih's Distillery.
  3499 | D:5      | Reached skill level 4 in Shields
  3795 | D:5      | Found Gockyvedu's Mass Market.
  4014 | D:6      | Found a staircase to the Ecumenical Temple.
  4023 | D:6      | Reached skill level 6 in Armour
  4209 | Temple   | Entered the Ecumenical Temple
  4513 | D:6      | Reached skill level 7 in Axes
  4522 | D:6      | Reached skill level 7 in Fighting
  4571 | D:6      | Reached skill level 6 in Dodging
  4571 | D:6      | Reached skill level 5 in Shields
  4615 | D:6      | Found a runed translucent gate.
  4654 | D:6      | Reached *** piety under Trog
  4662 | D:6      | Reached XP level 9. HP: 79/79 MP: 8/8
  4776 | D:6      | Found a runed translucent gate.
  4817 | D:6      | Noticed floatRand's ghost (novice DgAs)
  4818 | D:6      | Found a runed translucent gate.
  4818 | D:6      | Identified the +0 mace "Vaxamm" {crush, +Fly MP+9 Str+3}
  4818 | D:6      | Identified the +7 chain mail of the Dragon {rN+}
  4821 | D:6      | Found a roughly hewn altar of Beogh.
  4861 | D:6      | Killed floatRand's ghost
  4861 | D:6      | Reached skill level 7 in Armour
  5077 | D:6      | Reached skill level 8 in Axes
  5077 | D:6      | Reached skill level 6 in Shields
  5192 | D:7      | Reached skill level 8 in Fighting
  5223 | D:7      | Reached skill level 7 in Dodging
  5403 | D:7      | Noticed Duvessa
  5412 | D:7      | Noticed Dowan
  5418 | D:7      | Killed Duvessa
  5435 | D:7      | Killed Dowan
  5435 | D:7      | Reached skill level 8 in Armour
  5623 | D:7      | You fall into a shaft and drop 2 floors!
  5623 | D:9      | Noticed a two-headed ogre
  5640 | D:8      | Noticed Prince Ribbit
  5654 | D:8      | Killed Prince Ribbit
  5654 | D:8      | Reached skill level 7 in Shields
  5853 | D:8      | Found Gemik's Assorted Antiques.
  5864 | D:8      | Reached XP level 10. HP: 88/90 MP: 9/9
  5877 | D:8      | Bought a runed broad axe for 168 gold pieces
  5904 | D:8      | Noticed Erica
  5914 | D:8      | Killed Erica
  5914 | D:8      | Reached skill level 9 in Axes
  6335 | D:8      | Reached skill level 9 in Fighting
  6436 | D:8      | Reached **** piety under Trog
  6718 | D:8      | Got a jewelled falchion
  6719 | D:8      | Identified the +4 falchion of Gozag's Scorn {speed, rC+}
                  | (You found it on level 8 of the Dungeon)
  6756 | D:8      | Bought a scroll of enchant weapon for 180 gold pieces
  6820 | D:9      | Noticed Grum
  6826 | D:9      | Reached skill level 8 in Dodging
  6840 | D:9      | Killed Grum
  6983 | D:9      | Killed a two-headed ogre
  6983 | D:9      | Reached skill level 9 in Armour
  6983 | D:9      | Reached skill level 8 in Shields
  7502 | D:10     | Entered Level 10 of the Dungeon
  7604 | D:10     | Noticed a two-headed ogre
  7612 | D:10     | Killed a two-headed ogre
  7612 | D:10     | Reached skill level 10 in Axes
  7612 | D:10     | Reached XP level 11. HP: 95/99 MP: 10/10
  7632 | D:10     | Reached skill level 10 in Fighting
  7921 | D:10     | Found a staircase to the Lair.
  7942 | D:10     | Reached skill level 9 in Dodging
  7986 | D:10     | Reached skill level 9 in Shields
  7992 | D:10     | Noticed Nergalle
  7995 | D:10     | Noticed a spectral orc warlord
  8012 | D:10     | Killed Nergalle
  8155 | D:10     | Reached ***** piety under Trog
  8155 | D:10     | Received a gift from Trog
  8490 | D:11     | Reached skill level 10 in Armour
  8523 | D:11     | Noticed a white ugly thing
  8539 | D:11     | Killed a white ugly thing
  8954 | D:11     | Got a crystal great sword
  8960 | D:11     | Identified the cursed +0 great sword of the Wilderness
                  | {slice, *Rage Int+2 Dex+4} (You found it on level 11 of the
                  | Dungeon)
  9029 | Lair:1   | Entered Level 1 of the Lair of Beasts
  9040 | Lair:1   | Noticed a six-headed hydra
  9056 | Lair:1   | Killed an eight-headed hydra
  9058 | Lair:1   | Found the ring of Shadows {Umbra +Inv Stlth+}
  9501 | Lair:1   | Noticed Sonja
  9508 | Lair:1   | Killed Sonja
  9613 | Lair:1   | Noticed Harold
  9635 | Lair:1   | Killed Harold
  9635 | Lair:1   | Reached skill level 11 in Axes
  9747 | Lair:1   | Noticed a seven-headed hydra
  9758 | Lair:1   | Killed a seven-headed hydra
  9758 | Lair:1   | Reached skill level 11 in Fighting
  9758 | Lair:1   | Reached skill level 10 in Shields
 10002 | Lair:2   | Reached skill level 10 in Dodging
 10069 | Lair:2   | Reached XP level 12. HP: 97/110 MP: 11/11
 10368 | Lair:2   | Found a hole to the Spider Nest.
 10379 | Lair:2   | Reached skill level 11 in Armour
 10831 | Lair:3   | Noticed Fannar
 10841 | Lair:3   | Noticed a five-headed hydra
 10852 | Lair:3   | Killed Fannar
 10859 | Lair:3   | Killed a five-headed hydra
 11030 | Lair:3   | Received a gift from Trog
 11112 | Lair:3   | Found a shadowy altar of Dithmenos.
 11128 | Lair:3   | Noticed Urug
 11150 | Lair:3   | Killed Urug
 11167 | Lair:3   | Reached skill level 11 in Shields
 11815 | Lair:3   | Reached skill level 12 in Axes
 11985 | Lair:4   | Noticed a seven-headed hydra
 11999 | Lair:4   | Killed a seven-headed hydra
 11999 | Lair:4   | Reached skill level 12 in Fighting
 12038 | Lair:4   | Found a staircase to the Shoals.
 12252 | Lair:4   | Noticed a death yak
 12272 | Lair:4   | Killed a death yak
 12272 | Lair:4   | Reached skill level 11 in Dodging
 12395 | Lair:4   | Noticed a death yak
 12395 | Lair:4   | Noticed a death yak
 12396 | Lair:4   | Noticed a death yak
 12396 | Lair:4   | Noticed a death yak
 12397 | Lair:4   | Noticed a death yak
 12409 | Lair:4   | Killed a death yak
 12412 | Lair:4   | Killed a death yak
 12422 | Lair:4   | Killed a death yak
 12424 | Lair:4   | Killed a death yak
 12424 | Lair:4   | Reached skill level 12 in Armour
 12424 | Lair:4   | Reached XP level 13. HP: 71/118 MP: 12/12
 12847 | Lair:5   | Found a staircase to the Slime Pits.
 13202 | Lair:5   | HP: 1/119 [acid (13)]
 14319 | Lair:6   | Entered Level 6 of the Lair of Beasts
 14348 | Lair:6   | Noticed an entropy weaver
 14349 | Lair:6   | Noticed an entropy weaver
 14350 | Lair:6   | Received a gift from Trog
 14372 | Lair:6   | Killed an entropy weaver
 14372 | Lair:6   | Reached skill level 12 in Shields
 14417 | Lair:6   | Killed an entropy weaver
 14449 | Lair:6   | Reached skill level 13 in Axes
 14521 | Lair:6   | Reached skill level 13 in Fighting
 14529 | Lair:6   | Reached skill level 12 in Dodging
 14694 | Lair:6   | Reached skill level 13 in Armour
 14741 | Lair:6   | Reached XP level 14. HP: 97/129 MP: 13/13
 15494 | D:12     | Found a frozen archway.
 15513 | IceCv    | Entered an ice cave
 15537 | IceCv    | Received a gift from Trog
 16109 | IceCv    | Reached skill level 13 in Shields
 16127 | IceCv    | Noticed a reaper
 16143 | IceCv    | Killed a reaper
 16513 | IceCv    | Got a dazzling demon whip
 16514 | IceCv    | Identified the +9 demon whip of the Enemy {drain, *Contam
                  | *Slow +Fly Str+9 Int+3} (You found it in an ice cave)
 16839 | D:12     | Noticed Psyche
 16850 | D:12     | Killed Psyche
 16883 | D:12     | Found a staircase to the Orcish Mines.
 17127 | D:12     | Gained mutation: You tend to lose your temper in combat.
                  | [mutagenic glow]
 17214 | D:12     | Lost mutation: You tend to lose your temper in combat.
                  | [potion of mutation]
 17214 | D:12     | Gained mutation: You are robust. (+10% HP) [potion of
                  | mutation]
 17214 | D:12     | Gained mutation: You tend to lose your temper in combat.
                  | [potion of mutation]
 17214 | D:12     | Gained mutation: You expend magic power (3 MP) to
                  | strengthen your wands. [potion of mutation]
 17214 | D:12     | Gained mutation: You are partially covered in iridescent
                  | scales. (AC +2) [potion of mutation]
 17215 | D:12     | Lost mutation: You expend magic power (3 MP) to strengthen
                  | your wands. [potion of mutation]
 17215 | D:12     | Lost mutation: You are robust. (+10% HP) [potion of
                  | mutation]
 17215 | D:12     | Lost mutation: You are partially covered in iridescent
                  | scales. (AC +2) [potion of mutation]
 17215 | D:12     | Gained mutation: You are agile. (Dex +2) [potion of
                  | mutation]
 17215 | D:12     | Gained mutation: Your muscles are strong. (Str +2) [potion
                  | of mutation]
 17282 | D:12     | Received a gift from Trog
 17358 | D:12     | Found Ynaceor's Gadget Shop.
 17748 | Orc:1    | Entered Level 1 of the Orcish Mines
 17750 | Orc:1    | Noticed a stone giant
 17769 | Orc:1    | Killed a stone giant
 17773 | Orc:1    | Reached skill level 14 in Axes
 18161 | Orc:2    | Entered Level 2 of the Orcish Mines
 18182 | Orc:2    | Found a staircase to the Elven Halls.
 18285 | Orc:1    | Found a roughly hewn altar of Beogh.
 18289 | Orc:1    | Reached skill level 14 in Fighting
 18289 | Orc:1    | Received a gift from Trog
 18747 | Orc:2    | Found a roughly hewn altar of Beogh.
 18920 | Orc:2    | Noticed an orc warlord
 18934 | Orc:2    | Received a gift from Trog
 18935 | Orc:2    | Reached skill level 13 in Dodging
 18942 | Orc:2    | Killed an orc warlord
 18959 | Orc:2    | Reached skill level 14 in Armour
 19025 | Orc:2    | Received a gift from Trog
 19064 | Orc:2    | Found Benubuor's Antique Armour Shop.
 19065 | Orc:2    | Found Cuylotuf's Antique Weapon Shop.
 19066 | Orc:2    | Found Etocif Xote's General Store.
 19066 | Orc:2    | Found Xiorrati's Book Boutique.
 19081 | Orc:2    | Bought a smoking war axe for 195 gold pieces
 19081 | Orc:2    | Bought an ebony war axe for 195 gold pieces
 19081 | Orc:2    | Identified the +9 war axe of the Madman {holy, rElec
                  | Stlth+} (You bought it in a shop on level 2 of the Orcish
                  | Mines)
 19082 | Orc:2    | Identified the +3 war axe of the Pillar {drain, Str+3} (You
                  | bought it in a shop on level 2 of the Orcish Mines)
 19589 | D:13     | Reached XP level 15. HP: 106/139 MP: 14/14
 19808 | D:13     | Found a gate to the Vaults.
 20014 | D:13     | Received a gift from Trog
 20233 | D:14     | Reached skill level 14 in Shields
 20568 | D:14     | Got an encrusted spear
 20582 | D:14     | Identified the +1 spear "Durrus" {pierce, rPois rC++} (You
                  | found it on level 14 of the Dungeon)
 20713 | D:14     | Reached skill level 15 in Axes
 21116 | D:15     | Entered Level 15 of the Dungeon
 21197 | D:15     | Received a gift from Trog
 21243 | D:15     | Found a blossoming altar of Fedhas.
 21310 | D:15     | Reached skill level 15 in Fighting
 21643 | D:15     | Found a staircase to the Depths.
 22196 | Shoals:1 | Entered Level 1 of the Shoals
 22196 | Shoals:1 | Noticed a kraken
 22209 | Shoals:1 | Killed a kraken
 22209 | Shoals:1 | Reached skill level 14 in Dodging
 22220 | Shoals:1 | Reached skill level 15 in Armour
 22256 | Shoals:1 | HP: 6/141 [sea snake (35)]
 22582 | Shoals:1 | Reached XP level 16. HP: 120/149 MP: 15/15
 23235 | Shoals:1 | Found Otoozin's Book Shop.
 23425 | Shoals:2 | Reached skill level 15 in Shields
 23634 | Shoals:2 | Reached skill level 1 in Throwing
 23755 | Shoals:2 | Received a gift from Trog
 23811 | Shoals:2 | Noticed Ilsuiw
 23845 | Shoals:2 | HP: 15/150 [drowned by a water elemental[Ilsuiw] (6)]
 23846 | Shoals:2 | HP: 7/150 [drowned by a water elemental[Ilsuiw] (7)]
 23846 | Shoals:2 | Mangled by a merfolk impaler

Vanquished Creatures
  A kraken (Shoals:1)
  An orc warlord (Orc:2)
  A stone giant (Orc:1)
  A reaper (IceCv)
  2 entropy weavers (Lair:6)
  A dire elephant (Lair:6)
  2 merfolk javelineers (Shoals:1)
  4 merfolk impalers
  Harold (Lair:1)
  A rakshasa (D:15)
  Fannar (Lair:3)
  4 centaur warriors (D:14)
  A catoblepas (D:13)
  5 hydras
  An alligator snapping turtle (Shoals:1)
  Erica (D:8)
  A queen ant (Lair:6)
  2 dancing weapons (D:13)
  A merfolk avatar (Shoals:1)
  2 merfolk aquamancers
  4 two-headed ogres
  Urug (Lair:3)
  11 death yaks
  3 orc high priests (Orc:2)
  Nergalle (D:10)
  Sonja (Lair:1)
  5 skeletal warriors (D:15)
  A shadow wraith (D:13)
  3 unseen horrors
  4 sea snakes
  5 orc knights
  Pikel (D:4)
  A glowing orange brain (D:15)
  2 lindwurms (Lair:6)
  A wolf spider (Lair:2)
  The ghost of floatRand the Covert, a novice DgAs (D:6)
  11 ugly things
  2 oklob plants
  2 cyclopes
  A manticore (Shoals:1)
  9 fauns
  3 orc sorcerers
  5 elephants (Lair:6)
  2 merfolk sirens
  A centaur zombie (D:14)
  2 ice statues (IceCv)
  4 black mambas
  2 guardian serpents (D:14)
  11 spiny frogs
  A water nymph (Shoals:2)
  Psyche (D:12)
  A gargoyle (D:12)
  5 yaktaurs (D:14)
  A yaktaur (shapeshifter) (D:15)
  3 kobold demonologists
  6 rime drakes
  An efreet (D:13)
  2 komodo dragons
  8 ice devils (IceCv)
  2 tengu conjurers
  A jumping spider (Lair:2)
  2 trolls
  3 meliai (D:15)
  3 hornets
  14 merfolk
  A polar bear (Lair:5)
  6 dream sheep
  8 slime creatures
  Prince Ribbit (D:8)
  4 snapping turtles
  4 hippogriffs
  A meliai zombie (D:13)
  A raiju (shapeshifter) (D:15)
  11 blink frogs
  A redback (shapeshifter) (D:15)
  A shadow (D:13)
  2 redbacks (Lair:2)
  4 wyverns
  2 vampires
  13 yaks
  A spriggan (D:10)
  A wraith (D:13)
  2 water elementals
  A basilisk (Lair:5)
  Grum (D:9)
  2 hungry ghosts
  11 soldier ants (Lair:6)
  Edmund (D:4)
  2 acid dragons (D:14)
  3 wargs
  8 water moccasins
  Duvessa (D:7)
  3 porcupines
  6 sky beasts
  40 orc warriors
  3 slaves (D:4)
  2 black bears
  3 ice beasts
  An eye of draining (shapeshifter) (D:15)
  An eye of draining (D:13)
  3 phantoms
  15 ogres
  16 wolves
  11 centaurs
  8 crocodiles
  4 big kobolds
  A wyvern zombie (D:13)
  26 bullfrogs
  Dowan (D:7)
  3 scorpions
  A water moccasin skeleton (D:10)
  A wyvern skeleton (D:13)
  2 troll zombies (D:12)
  9 wights
  4 electric eels
  3 howler monkeys
  A quasit (D:10)
  A wyvern simulacrum (D:14)
  7 crimson imps
  2 bullfrog zombies
  3 hounds
  2 jellies
  Crazy Yiuf (D:4)
  5 centaur skeletons
  24 orc priests
  A bullfrog skeleton (D:7)
  An iguana (D:9)
  32 worker ants
  Natasha (thrice) (D:2)
  34 orc wizards
  5 hell rats
  4 ogre zombies (D:12)
  3 hound skeletons
  2 worker ant zombies
  4 gnolls (D:2)
  7 adders
  2 shadow imps (D:14)
  10 white imps (IceCv)
  4 ufetubi (IceCv)
  2 oozes
  2 adder zombies
  An adder skeleton (D:9)
  3 worms
  A dart slug (D:1)
  5 leopard geckos
  100 orcs
  9 bats
  3 giant cockroaches
  6 goblins
  4 hobgoblins
  9 jackals
  4 quokkas
  A ball python (D:7)
  5 frilled lizards
  2 goblin skeletons (D:12)
  A goblin zombie (D:12)
  A hobgoblin skeleton (D:12)
  A hobgoblin zombie (D:12)
  A jackal zombie (D:9)
  22 kobolds
  14 orc zombies (D:12)
  4 rats
  3 fungi
  A plant (Shoals:1)
  A tentacle (Shoals:1)
813 creatures vanquished.

Vanquished Creatures (collateral kills)
  A hydra (Lair:6)
  2 death yaks (Lair:6)
  An orc high priest (Orc:2)
  A sea snake (Shoals:1)
  An orc knight (Orc:2)
  A faun (Shoals:1)
  An orc sorcerer (Orc:2)
  A rime drake (Lair:6)
  2 blink frogs (Lair:6)
  A hippogriff (Lair:6)
  A basilisk (Lair:6)
  2 orc warriors (Orc:2)
  An orc priest (Orc:2)
  An orc wizard (Orc:2)
17 creatures vanquished.

Vanquished Creatures (others)
  A satyr (Shoals:1)
  2 cyclopes
  A dream sheep (Shoals:1)
  2 centaurs
  A hound skeleton (D:4)
  3 white imps (IceCv)
  2 ufetubi (IceCv)
  An orc (Orc:1)
  A kobold (D:8)
  2 fungi
  4 tentacles (Shoals:1)
20 creatures vanquished.

Grand Total: 850 creatures vanquished

Table legend:
 A = Turns spent in this place as a percentage of turns spent in the entire game.
 B = Non-inter-level travel turns spent in this place as a percentage of non-inter-level travel turns spent in the entire game.
 C = Inter-level travel turns spent in this place as a percentage of turns spent in this place.
 D = Turns resting spent in this place as a percentage of non-inter-level travel turns spent in this place.
 E = Turns spent auto-exploring this place as a percentage of non-inter-level travel turns spent in this place.
 F = Non-inter-level travel turns spent in this place divided by the number of levels of this place that you've seen.
                   A       B       C       D       E      F
               +-------+-------+-------+-------+-------+----------------------
         Total | 100.0 | 100.0 |   6.9 |  19.4 |  58.3 | 822.3
       Dungeon |  53.1 |  52.2 |   8.5 |  14.9 |  61.4 | 772.7
        Temple |   0.9 |   0.7 |  23.1 |   0.0 |  98.8 | 160.0
          Lair |  27.0 |  27.1 |   6.6 |  19.8 |  63.6 | 1001.5
        Shoals |   6.9 |   7.3 |   2.2 |  32.2 |  39.8 | 807.0
  Orcish Mines |   6.7 |   6.9 |   3.8 |   0.4 |  71.6 | 767.0
      Ice Cave |   5.4 |   5.8 |   0.0 |  66.6 |   7.4 | 1295.0
               +-------+-------+-------+-------+-------+----------------------

Table legend:
 A = Non-vault XP
 B = Vault XP
 C = Vault XP percentage of total XP
 D = Non-vault monster count
 E = Vault monster count
 F = Vault count percentage of total count
                 A         B        C        D         E       F
            +---------+---------+-------+---------+---------+-------
      Total |  109311 |   58963 |  35.0 |     571 |     259 |  31.2
            +---------+---------+-------+---------+---------+-------
        D:1 |      36 |       0 |   0.0 |      19 |       0 |   0.0
        D:2 |     170 |      35 |  17.1 |      20 |       1 |   4.8
        D:3 |      27 |       0 |   0.0 |       9 |       0 |   0.0
        D:4 |     320 |     844 |  72.5 |      14 |       3 |  17.6
        D:5 |     348 |       0 |   0.0 |      15 |       0 |   0.0
        D:6 |     816 |    1110 |  57.6 |      18 |      14 |  43.8
        D:7 |    1344 |     230 |  14.6 |      25 |       2 |   7.4
        D:8 |     655 |    1177 |  64.2 |      16 |       2 |  11.1
        D:9 |    1985 |     912 |  31.5 |      21 |       6 |  22.2
       D:10 |    3104 |    1005 |  24.5 |      30 |       2 |   6.2
       D:11 |    1985 |     170 |   7.9 |      18 |       2 |  10.0
       D:12 |    3525 |    1858 |  34.5 |      25 |      32 |  56.1
       D:13 |    9053 |    1808 |  16.6 |      37 |       2 |   5.1
       D:14 |   13846 |     918 |   6.2 |      43 |       2 |   4.4
       D:15 |    7502 |    4476 |  37.4 |      22 |      11 |  33.3
     Lair:1 |    3005 |    1462 |  32.7 |       9 |       3 |  25.0
     Lair:2 |    2552 |    1371 |  34.9 |      14 |       4 |  22.2
     Lair:3 |    4976 |    2422 |  32.7 |      21 |       3 |  12.5
     Lair:4 |    7532 |       0 |   0.0 |      20 |       0 |   0.0
     Lair:5 |    5611 |     847 |  13.1 |      23 |       3 |  11.5
     Lair:6 |    8901 |   15963 |  64.2 |      21 |      53 |  71.6
   Shoals:1 |   16226 |    7042 |  30.3 |      31 |       9 |  22.5
   Shoals:2 |    7342 |     481 |   6.1 |      15 |       1 |   6.2
      Orc:1 |    4232 |     314 |   6.9 |      51 |      11 |  17.7
      Orc:2 |    4218 |   10484 |  71.3 |      34 |      68 |  66.7
      IceCv |       0 |    4034 | 100.0 |       0 |      25 | 100.0
            +---------+---------+-------+---------+---------+-------
